 Dungeon Crawl Stone Soup version 0.31-a0-848-gaac375c287 (webtiles) character file.

Game seed: 11036235994572467558

2 MachoJfn the Grave Robber (level 1, 0/13 HPs)
             Began as a Demonspawn Necromancer on Oct 4, 2023.
             Slain by a jackal (2 damage)
             ... on level 1 of the Dungeon.
             The game lasted 00:00:19 (58 turns).

MachoJfn the Grave Robber (Demonspawn Necromancer)    Turns: 58, Time: 00:00:19

Health: 0/13       AC:  2    Str:  8    XL:     1   Next: 33%
Magic:  0/3        EV: 12    Int: 16    God:
Gold:   0          SH:  0    Dex: 13    Spells: 3/4 levels left

rFire   . . .        (no weapon)
rCold   . . .        (no shield)
rNeg    . . .        a - +0 robe
rPois   .            (no helmet)
rElec   .            (no cloak)
rCorr   .            (no gloves)
SInv    .            (no boots)
Will    .....        (no amulet)
Stlth   ++           (no ring)
HPRegen 0.22/turn    (no ring)
MPRegen 0.08/turn

%: no passive effects
@: no status effects
A: no striking features
a: no special abilities


You were on level 1 of the Dungeon.
You visited 1 branch of the dungeon, and saw 1 of its levels.

Inventory:

Armour
 a - a +0 robe (worn)
Potions
 b - a potion of magic


   Skills:
 + Level 1.7 Dodging
 + Level 1.7 Stealth
 + Level 2.0 Spellcasting
 + Level 4.5 Necromancy


You had 3 spell levels left.
You knew the following spells:

 Your Spells              Type           Power      Damage    Failure   Level
a - Necrotise             Necr           64%        1d7       3%          1

Your spell library contained the following spells:

 Spells                   Type           Power      Damage    Failure   Level
 Vampiric Draining        Necr           16%        2d7       10%         3
 Animate Dead             Necr           16%        N/A       32%         4
 Agony                    Necr           16%        N/A       65%         5


Dungeon Overview and Level Annotations

Branches:
Dungeon (1/15)

Altars:


Message History

Your goblin skeleton hits the goblin.
The goblin dies!
Found a stone staircase leading down.
Your goblin skeleton crumbles into dust!
The quokka bites you but does no damage.
The jackal closely misses you. The jackal misses you.
Things that are here:
a +0 dagger; a goblin corpse The quokka completely misses you.
The jackal attacks as it pursues you! The jackal completely misses you.
The jackal closely misses you. The quokka closely misses you.
You hit the quokka but do no damage.
The jackal bites you but does no damage.
The jackal closely misses you. The quokka closely misses you.
The jackal closely misses you. The jackal barely misses you.
You hit the quokka but do no damage.
The jackal bites you but does no damage.
The quokka bites you. The jackal closely misses you.
You hit the quokka but do no damage. The jackal barely misses you.
The jackal completely misses you. The quokka misses you.
The jackal closely misses you. The jackal completely misses you.
You hit the quokka but do no damage. The quokka closely misses you.
The jackal stops to sniff the ground.
The jackal closely misses you. The jackal misses you.
The quokka bites you but does no damage.
You closely miss the quokka.
The jackal bites you. x2; The quokka bites you.
You hit the quokka.
The quokka is moderately wounded.
The jackal bites you. x2
* * * LOW HITPOINT WARNING * * *
The quokka closely misses you. The jackal bites you.
* * * LOW HITPOINT WARNING * * *
The jackal barely misses you.
Casting: Necrotise (safe; 3% risk of failure)
Confirm with . or Enter, or press ? or * to list all spells.
Aiming: Necrotise (safe; 3% risk of failure)
Press: ? - help, Shift-Dir - straight line, f - jackal
Aim: a jackal (chance to affect: 86%)
The jackal writhes in agony.
The jackal bites you.
You die...

.. .># ..#.# #.. ..#
#.#.### #.. #.#
#.#...# #.. #.#
#.)...#
#..##.########.#....
#..............##Z##
#.........##....#
#.h)......#######
#@h.......#
#.r.......#
#.$.......#
#.........#
.........###
.####.##.## + #.##.#
#.##.#


You could see a quokka and 2 jackals.

Vanquished Creatures
  A goblin (D:1)
1 creature vanquished.

Vanquished Creatures (collateral kills)
  A goblin (D:1)
1 creature vanquished.

Grand Total: 2 creatures vanquished

Notes
Turn   | Place    | Note
-------+----------+-------------------------------------------
     0 | D:1      | MachoJfn the Demonspawn Necromancer began the quest for the
                  | Orb.
     0 | D:1      | Reached XP level 1. HP: 13/13 MP: 3/3
    58 | D:1      | Slain by a jackal

Illustrated notes

Levels and vault maps discovered:
D:1:      psy_arrival_conway, layout_basic, serial_glass, glass_columns_a,
          glass_columns_a

Action                     || total
---------------------------++-------
  Melee: Unarmed           ||     7
   Cast: Necrotise         ||     5
 Armour: Robe              ||    15
  Dodge: Dodged            ||    22

Table legend: (Time is in decaauts)
 A = Elapsed time spent in this place.
 B = Non-inter-level travel time spent in this place.
 C = Inter-level travel time spent in this place.
 D = Time resting spent in this place.
 E = Time spent auto-exploring this place.
 F = Levels seen in this place.
 G = Mean time per level.
                   A        B        C        D        E       F      G
               +--------+--------+--------+--------+--------+-----+--------+
         Total |     59 |     59 |      0 |      0 |     40 |   1 |   59.0 |
       Dungeon |     59 |     59 |      0 |      0 |     40 |   1 |   59.0 |
               +--------+--------+--------+--------+--------+-----+--------+

Top non-repeatable levels by time:
     D:1: 59 daAuts
